 Dungeon Crawl Stone Soup version 0.28.0-45-g0d030f2227 (webtiles) character file.

Game seed: 17666102132541805625

7 nickcage the Firebug (level 1, 0/10 HPs)
             Began as a Deep Elf Fire Elementalist on Apr 5, 2022.
             Slain by a kobold
             ... wielding a +0 dagger of flaming
              (1 damage)
             ... on level 1 of the Dungeon.
             The game lasted 00:01:54 (233 turns).

nickcage the Firebug (Deep Elf Fire Elementalist)    Turns: 233, Time: 00:01:56

Health: 0/10       AC:  2    Str:  5    XL:     1   Next: 91%
Magic:  5/6        EV: 12    Int: 19    God:
Gold:   23         SH:  0    Dex: 15    Spells: 5/6 levels left

rFire   . . .      SeeInvis .   d - +0 mace
rCold   . . .      Faith    .   (no shield)
rNeg    . . .      Spirit   .   a - +0 robe
rPois   .          Reflect  .   (no helmet)
rElec   .          Harm     .   (no cloak)
rCorr   .          Rampage  .   (no gloves)
Will    .....                   (no boots)
Stlth   ++........              (no amulet)
HPRegen 0.03/turn               (no ring)
MPRegen 0.10/turn               (no ring)

@: no status effects
A: no striking features
a: no special abilities


You were on level 1 of the Dungeon.
You visited 1 branch of the dungeon, and saw 1 of its levels.

You collected 23 gold pieces.

Inventory:

Hand Weapons
 d - a +0 mace (weapon)
Missiles
 c - 56 stones
Armour
 a - a +0 robe (worn)
Potions
 b - a potion of mutation {unknown}
 e - a potion of lignification {unknown}


   Skills:
 - Level 2.4 Dodging
 - Level 2.4 Stealth
 - Level 3.0 Spellcasting
 - Level 1.1 Conjurations
 + Level 3.9 Fire Magic


You had 5 spell levels left.
You knew the following spells:

 Your Spells              Type           Power      Damage    Failure   Level
a - Foxfire               Conj/Fire      48%        2x1d6     5%          1

Your spell library contained the following spells:

 Spells                   Type           Power      Damage    Failure   Level
 Scorch                   Fire           34%        2d7       4%          2
 Conjure Flame            Conj/Fire      12%        6-21      16%         3
 Inner Flame              Hex/Fire       10%        N/A       21%         3
 Flame Wave               Conj/Fire      12%        2d6       47%         4


Dungeon Overview and Level Annotations

Branches:
Dungeon (1/15)

Altars:


Message History

You hit the quokka.
You kill the quokka!
Found 4 gold pieces.
Your foxfire dissipates!
Items here: ) †††.
Your foxfire dissipates!
Magic restored.
Found a robe.
A frilled lizard comes into view.
Found 10 gold pieces.
A frilled lizard is nearby!
The frilled lizard hisses angrily.
You see here 9 gold pieces.
You conjure some foxfire!
The foxfire hits the frilled lizard.
You kill the frilled lizard!
No target in view!
Your foxfire dissipates!
You now have 10 gold pieces.
You now have 19 gold pieces (gained 9).
You now have 23 gold pieces (gained 4).
You see here a +0 robe.
A ball python comes into view.
A kobold comes into view. It is wielding a +0 dagger of flaming.
Found 6 poisoned darts and a scroll labelled DITAS XUAMAO.
You conjure some foxfire!
The foxfire hits the ball python.
You kill the ball python!
The helpless kobold fails to defend itself.
You hit the kobold but do no damage.
The kobold hits you with a +0 dagger of flaming.
The kobold burns you.
You closely miss the kobold.
The kobold hits you with a +0 dagger of flaming.
The kobold burns you.
A ball python comes into view.
The kobold hits you with a +0 dagger of flaming.
* * * LOW HITPOINT WARNING * * *
The kobold burns you.
You die...

#.##### #...#.
#.#...## ### #.?.##.##
# ...†###.(##...##.##
........##.#.#.#..##
S######..#.[.....#..##
..........#.#.#.##....
.#####@#.##...##....
#K#..##.##..#
..##..##...#
......†.....###
.#.#...........#
#.#.#.#####.).#.# . ..
.# ##.## # . #. .# #.#
#.#


You could see a ball python (wandering) and a kobold.

Vanquished Creatures
  A giant cockroach (D:1)
  2 quokkas (D:1)
  A ball python (D:1)
  2 frilled lizards (D:1)
  A goblin (D:1)
  A rat (D:1)
8 creatures vanquished.

Vanquished Creatures (others)
  11 foxfires (D:1)
11 creatures vanquished.

Grand Total: 19 creatures vanquished

Notes
Turn   | Place    | Note
-------+----------+-------------------------------------------
     0 | D:1      | nickcage the Deep Elf Fire Elementalist began the quest for
                  | the Orb.
     0 | D:1      | Reached XP level 1. HP: 10/10 MP: 6/6
   233 | D:1      | Slain by a kobold

Illustrated notes

Levels and vault maps discovered:
D:1:      dpeg_cavernosity, layout_loops_ring, minmay_heptomino_w4

Action                   || total
-------------------------++-------
Melee: Mace              ||     7
 Cast: Foxfire           ||     7
 Stab: Sleeping          ||     1
Dodge: Dodged            ||     5
